 Dungeon Crawl Stone Soup version 0.30.0-5-g1a98f26d00 (webtiles) character file.

Game seed: 10838667812489902922

1582 voltaire321 the Cleaver (level 8, 0/73 HPs)
             Began as a Hill Orc Monk on May 10, 2023.
             Was a Believer of Makhleb.
             Succumbed to a hornet's poison
             ... on level 7 of the Dungeon.
             The game lasted 00:11:50 (5332 turns).

voltaire321 the Cleaver (Hill Orc Monk)             Turns: 5332, Time: 00:11:50

Health: 0/73       AC: 17    Str: 16    XL:     8   Next: 91%
Magic:  10/10      EV: 14    Int: 10    God:    Makhleb [**....]
Gold:   268        SH:  0    Dex: 13    Spells: 7/7 levels left

rFire   . . .        r - +1 war axe (heavy)
rCold   . . .        d - orb {light}
rNeg    . . .        B - +3 chain mail
rPois   .            (no helmet)
rElec   .            (no cloak)
rCorr   .            f - +0 pair of gloves
SInv    .            (no boots)
Will    .....        (no amulet) Stlth
                     l - +4 ring of protection
HPRegen 0.32/turn    b - +5 ring of evasion
MPRegen 0.12/turn

%: no passive effects
@: lethally poisoned (0 -> -5), slowed, glowing, very slow
A: no striking features
a: Renounce Religion, Minor Destruction


You were on level 7 of the Dungeon.
You worshipped Makhleb.
Makhleb was pleased with you.
You visited 2 branches of the dungeon, and saw 8 of its levels.

You collected 318 gold pieces.
You spent 50 gold pieces at shops.

Inventory:

Hand Weapons
 a - a +0 hand axe
 r - a +1 heavy war axe (weapon)
Missiles
 q - 2 throwing nets (quivered)
Armour
 d - an orb of light (worn)
 f - a +0 pair of gloves (worn)
 x - a +0 chain mail of cold resistance
 B - a +3 chain mail (worn)
Jewellery
 b - a +5 ring of evasion (right hand)
 l - a +4 ring of protection (left hand)
Scrolls
 e - 3 scrolls of teleportation {unknown}
 g - 3 scrolls of blinking {unknown}
 h - a scroll of acquirement {unknown}
 i - 4 scrolls of identify {unknown}
 j - 2 scrolls of vulnerability {unknown}
 m - 3 scrolls of amnesia {unknown}
 s - a scroll of fear {unknown}
 t - a scroll of silence {unknown}
 y - a scroll of enchant armour {unknown}
 C - a scroll of noise {unknown}
Potions
 c - a potion of ambrosia
 k - 5 potions of curing
 o - 2 potions of degeneration {unknown}
 p - 2 potions of lignification {unknown}
 u - 2 potions of brilliance {unknown}
 v - a potion of cancellation {unknown}
 w - a potion of resistance {unknown}
 z - a potion of attraction {unknown}
 A - a potion of might {unknown}


   Skills:
 + Level 7.5 Fighting
 + Level 8.2 Axes
 + Level 4.8 Armour
 - Level 5.0 Dodging
 + Level 3.5 Invocations


You had 7 spell levels left.
You didn't know any spells.
Your spell library contained the following spells:

 Spells                   Type           Power      Damage    Failure   Level
 Cigotuvi's Dreadful Rot  Necr/Pois/Air  0%         N/A       99%         2
 Volatile Blastmotes      Fire/Tloc      0%         2d10      100%        3
 Dispel Undead            Necr           0%         3d6       100%        4
 Fulminant Prism          Conj/Hex       0%         3d5       100%        4
 Iskenderun's Mystic Bla  Conj/Tloc      0%         2d3       100%        4
 Lee's Rapid Deconstruct  Erth           0%         3d4*      100%        5
 Death Channel            Necr           0%         N/A       100%        6


Dungeon Overview and Level Annotations

Branches:
Dungeon (7/15)             Temple (1/1) D:5

Altars:
Ashenzari
Cheibriados
Dithmenos
Elyvilon
Fedhas
Gozag
Hepliaklqana
Kikubaaqudgha
Makhleb
Nemelex Xobeh
Okawaru
Qazlal
Ru
Sif Muna
Uskayaw
Vehumet
Wu Jian
Xom
Yredelemnul
Zin
The Shining One

Shops:
D:1 !   D:2 :


Message History

* * * LOW HITPOINT WARNING * * *
You feel extremely sick. The hornet stings you!
* * * LOW HITPOINT WARNING * * *
You feel as though you will be slow longer.
The hornet barely misses you. The kobold brigand closely misses you.
The hornet misses you.
The kobold brigand hits you but does no damage.
The hornet barely misses you.
You feel much better.
You feel very sick. The hornet misses you.
The kobold brigand hits you with a +0 short sword.
The hornet stings you!
* * * LOW HITPOINT WARNING * * *
You are more poisoned.
You feel as though you will be slow longer.
The kobold brigand barely misses you.
You feel better. The hornet stings you.
You are poisoned.
You feel as though you will be slow longer.
The hornet completely misses you. The kobold brigand misses you.
You hit the hornet.
The hornet is lightly wounded.
You hit the kobold brigand.
You feel very sick. The hornet stings you!
* * * LOW HITPOINT WARNING * * *
You feel as though you will be slow longer.
The hornet stings you but does no damage.
The kobold brigand closely misses you.
The hornet stings you but does no damage.
The kobold brigand hits you but does no damage.
The hornet stings you!
* * * LOW HITPOINT WARNING * * *
You feel as though you will be slow longer.
You slice the hornet!!
The hornet is severely wounded.
You closely miss the kobold brigand.
You die...

#)## #.# #.......#######.
#..######.## ###.......#
#†
#......##..#####.........#
#.
###..#..##.......#......†#
#.
##.##.....######.....<.#
#. #.....##..#####.......#
#. #.##.........##.......#
##
...###..##.##))#######.# .
### ##.##.###@y# #.#
#..#..###KK# #.. #.##...
#.# ##. .. ....#..# #.
##.K...# ##K..# #.K. ..#.


You could see a hornet, a kobold brigand and a kobold.

Vanquished Creatures
  Grinder (D:5)
  A water moccasin (D:6)
  A sky beast (D:7)
  A black bear (D:4)
  An ice beast (D:5)
  An ogre (D:4)
  A centaur (D:7)
  A phantom (D:5)
  A scorpion (D:5)
  A howler monkey (D:6)
  2 hounds
  2 jellies
  Ijyb (D:3)
  5 iguanas
  3 orc wizards
  10 gnolls
  10 adders
  A shadow imp (D:7)
  2 ufetubi (D:5)
  2 worms (D:4)
  5 dart slugs
  17 orcs
  3 ball pythons
  3 endoplasms
  4 giant cockroaches
  9 goblins
  9 hobgoblins
  2 jackals (D:2)
  4 quokkas
  3 bats
  A frilled lizard (D:1)
  10 kobolds
  7 rats
125 creatures vanquished.

Notes
Turn   | Place    | Note
-------+----------+-------------------------------------------
     0 | D:1      | voltaire321 the Hill Orc Monk began the quest for the Orb.
     0 | D:1      | Reached XP level 1. HP: 19/19 MP: 1/1
    99 | D:1      | Reached XP level 2. HP: 27/27 MP: 2/2
   197 | D:1      | You fall into a shaft and drop 1 floor!
   407 | D:1      | Reached XP level 3. HP: 31/33 MP: 3/3
   521 | D:1      | Found Ilanamp's Distillery.
   525 | D:1      | Bought a potion of heal wounds for 50 gold pieces
   926 | D:2      | Reached XP level 4. HP: 15/41 MP: 4/4
   931 | D:2      | Reached skill level 5 in Axes
  1570 | D:2      | Found Apruzybe's Book Boutique.
  1692 | D:3      | Reached XP level 5. HP: 47/47 MP: 5/5
  2049 | D:3      | Noticed Ijyb
  2209 | D:3      | Killed Ijyb
  2210 | D:3      | Reached skill level 5 in Fighting
  2486 | D:4      | Noticed an ogre
  2678 | D:4      | Found a glowing silver altar of Zin.
  2935 | D:4      | Killed an ogre
  2936 | D:4      | Reached skill level 6 in Axes
  2936 | D:4      | Reached skill level 1 in Armour
  2936 | D:4      | Reached XP level 6. HP: 23/56 MP: 6/6
  3073 | D:4      | Found an opulent altar of Gozag.
  3100 | D:4      | Noticed a black bear
  3105 | D:4      | Killed a black bear
  3315 | D:4      | Reached XP level 7. HP: 62/62 MP: 7/7
  3495 | D:5      | Entered Level 5 of the Dungeon
  3528 | D:5      | Found a shimmering altar of Xom.
  3528 | D:5      | Found a hide-covered altar of Uskayaw.
  3531 | D:5      | Noticed Grinder
  3540 | D:5      | Found a shadowy altar of Dithmenos.
  3542 | D:5      | Killed Grinder
  3543 | D:5      | Reached skill level 7 in Axes
  3639 | D:5      | Reached XP level 8. HP: 63/71 MP: 8/8
  3855 | D:5      | Found a staircase to the Ecumenical Temple.
  3860 | Temple   | Entered the Ecumenical Temple
  3953 | Temple   | Became a worshipper of Makhleb the Destroyer
  3953 | Temple   | Reached * piety under Makhleb
  3953 | Temple   | Reached ** piety under Makhleb
  4353 | D:6      | Reached skill level 1 in Invocations
  5193 | D:7      | Reached skill level 5 in Dodging
  5197 | D:7      | Reached skill level 8 in Axes
  5318 | D:7      | Noticed a hornet
  5331 | D:7      | HP: 3/73 [hornet (8)]
  5332 | D:7      | Succumbed to a hornet's poison

Illustrated notes

Levels and vault maps discovered:
D:1:      ebering_trefoil_twist, layout_basic, serial_shops, shop,
          chequers_serial_rivers_marsh, hangedman_abyss_or_decor_lesser_grid,
          minmay_tree_intersection, hangedman_abyss_or_decor_stabs,
          chequers_mini_garden, minmay_vboxes
D:2:      layout_loops_corners, serial_shops, shop
D:3:      minmay_general_purpose_star, layout_loops_ring, uniq_ijyb
D:4:      layout_loops_ring, mainiacjoe_overflow_six_doors_small,
          mainiacjoe_overflow_alcove_1
D:5:      layout_cave_pools, grunt_temple_overflow_open,
          minmay_temple_entry_nine_rooms, uniq_grinder
D:6:      layout_loops_corners, serial_aquarium, aquarium_bridge_square
          [aquarium_subvault_bridge, aquarium_subvault_wall,
          aquarium_subvault_bridge, aquarium_subvault_bridge],
          aquarium_bridge_square [aquarium_subvault_bridge,
          aquarium_subvault_wall, aquarium_subvault_bridge,
          aquarium_subvault_wall], aquarium_window_fake, aquarium_window_2,
          aquarium_view_2d, aquarium_balcony_3a, aquarium_pool_2
D:7:      layout_rooms
Temple:   regret_index_temple_sphere_string

Skill      XL: |  1  2  3  4  5  6  7  8 |
---------------+-------------------------+-----
Fighting       | 4 5 6 7 |  7.5
Dodging        | 3 4 5 |  5.0
Axes           | 5 6 7 8 |  8.2
Armour         | 1 2 3 4 |  4.8
Invocations    | 3 |  3.5

Action                     |  1- 3 |  4- 6 |  7- 9 || total
---------------------------+-------+-------+-------++-------
  Melee: Hand axe          |    74 |    48 |       ||   122
         War axe           |       |    57 |    90 ||   147
    Use: Potion            |       |       |     4 ||     4
 Armour: Robe              |    20 |    18 |       ||    38
         Chain mail        |       |    25 |    64 ||    89
  Dodge: Dodged            |    31 |    70 |    95 ||   196
